 Dungeon Crawl Stone Soup version 0.27-a0-3-gcf006a40f5 (webtiles) character file.

Game seed: 15911528616816047130

25 scholarmage0 the Chopper (level 3, 0/33 HPs)
             Began as a Hill Orc Monk on Jan 2, 2021.
             Slain by a worm (9 damage)
             ... on level 2 of the Dungeon.
             The game lasted 00:08:15 (1226 turns).

scholarmage0 the Chopper (Hill Orc Monk)            Turns: 1226, Time: 00:08:15

Health: 0/33       AC:  2    Str: 14    XL:     3   Next: 6%
Magic:  3/3        EV: 13    Int: 10    God:
Gold:   60         SH:  0    Dex: 13    Spells: 2/2 levels left

rFire    . . .     SeeInvis .   a - +0 hand axe
rCold    . . .     Faith    .   (no shield)
rNeg     . . .     Spirit   .   b - +0 robe
rPois    .         Reflect  .   (no helmet)
rElec    .         Harm     .   (no cloak)
rCorr    .         Rampage  .   (no gloves)
Will     .....                  (no boots)
Stlth    ++........             (no amulet)
HPRegen  0.11/turn              (no ring)
MPRegen  0.08/turn              (no ring)

@: no status effects
A: no striking features
a: no special abilities


You were on level 2 of the Dungeon.
You visited 1 branch of the dungeon, and saw 2 of its levels.

You collected 60 gold pieces.

Inventory:

Hand Weapons
 a - a +0 hand axe (weapon)
 d - a +0 spear
 f - a +0 hand axe
 h - a +0 club
 n - a +0 hand axe
 p - a +0 spear
 q - a +0 short sword
 s - a +0 dagger
 u - a +2 vampiric whip
 w - a +0 hand axe
Missiles
 k - 50 arrows
 r - 20 bolts
Armour
 b - a +0 robe (worn)
 c - a +0 ring mail
 m - a +0 helmet
 t - a +0 scale mail
Scrolls
 g - 3 scrolls of identify {unknown}
 j - 2 scrolls of enchant weapon {unknown}
 o - a scroll of teleportation {unknown}
Potions
 e - 2 potions of flight {unknown}
 i - a potion of heal wounds {unknown}
 l - a potion of berserk rage {unknown}
 v - a potion of might {unknown}


   Skills:
 + Level 4.0 Fighting
 + Level 4.5 Axes
 + Level 2.8 Dodging
 + Level 1.7 Stealth


You had 2 spell levels left.
You didn't know any spells.
Your spell library was empty.

Dungeon Overview and Level Annotations

Branches:
Dungeon (2/15)

Altars:


Message History

A worm comes into view.
The helpless frilled lizard fails to defend itself.
You slash the frilled lizard!
You kill the frilled lizard!
The worm barely misses you.
You hit the worm.
The worm is lightly wounded.
You hit the worm.
The worm is lightly wounded.
The worm bites you.
* * * LOW HITPOINT WARNING * * *
You hit the worm but do no damage.
The worm is lightly wounded.
The worm barely misses you.
You barely miss the worm.
The worm is lightly wounded.
You hit the worm.
The worm is moderately wounded.
The worm bites you!
You die...

## ########.# #....'..#
#....################.
#.......##...#........
#.......####...####
#.......##.....w@.###
#.......######......#
##.....## #....#.###
###...########....#...#
###'''###†........###.#
....(...†((...........#
.###(#..))..##....#####
..##........##....#
..####......##....#


You could see a worm.

Vanquished Creatures
  A leopard gecko (D:1)
  5 bats
  A giant cockroach (D:1)
  A goblin (D:2)
  4 hobgoblins
  3 frilled lizards
  9 kobolds
  2 rats (D:1)
26 creatures vanquished.

Notes
Turn   | Place    | Note
-------+----------+-------------------------------------------
     0 | D:1      | scholarmage0 the Hill Orc Monk began the quest for the Orb.
     0 | D:1      | Reached XP level 1. HP: 19/19 MP: 1/1
   263 | D:1      | Reached XP level 2. HP: 16/26 MP: 2/2
  1106 | D:2      | Reached XP level 3. HP: 4/33 MP: 3/3
  1121 | D:2      | HP: 1/33 [bat (1)]
  1226 | D:2      | Slain by a worm

Illustrated notes

Levels and vault maps discovered:
D:1:      erik_arrival_triangle_huge, layout_basic,
          chequers_serial_rivers_micro_b
D:2:      cheibrodos_fertilizer, layout_rooms, chequers_jeans

Skill      XL: |  1  2 |
---------------+-------+-----
Fighting       | 4 |  4.0
Axes           | |  4.5
Dodging        | |  2.8
Stealth        | |  1.7

Action                   || total
-------------------------++-------
Melee: Hand axe          ||    78
 Stab: Sleeping          ||     1
Armor: Robe              ||    29
Dodge: Dodged            ||    94

Table legend: (Time is in decaauts)
 A = Elapsed time spent in this place.
 B = Non-inter-level travel time spent in this place.
 C = Inter-level travel time spent in this place.
 D = Time resting spent in this place.
 E = Time spent auto-exploring this place.
 F = Levels seen in this place.
 G = Mean time per level.
                   A        B        C        D        E       F      G
               +--------+--------+--------+--------+--------+-----+--------+
         Total |   1233 |   1156 |     77 |      0 |      0 |   2 |  616.5 |
       Dungeon |   1233 |   1156 |     77 |      0 |      0 |   2 |  616.5 |
               +--------+--------+--------+--------+--------+-----+--------+

Top non-repeatable levels by time:
     D:1: 1029 daAuts
     D:2: 204 daAuts
